Map: Thunderbird LE

Players

Ryu

  • Race: Zerg Zerg
  • Spawn Location: 11:00

TSGNice (Nice) - Winner!

  • Race: Protoss Protoss
  • Spawn Location: 5:00

Event: NationWars 2019

VOD

Have the link to the VOD?

Description

Time

  • Played on: Nov. 15, 2019, 12:08 p.m.
  • Length: 9:20
Show
View Real Time Build Order
Export as new Build Order

Ryu Zerg 

Build Orders: Hatch First, Lurkers, Roach Hydra 

Get SALT Encoding   

  12  0:01  Drone  
  13  0:13  Overlord  
  13  0:17  Drone  
  14  0:32  Drone  
  14  0:33  Drone  
  16  0:52  Drone  
  16  0:55  Drone  
  16  0:57  Hatchery  
  17  0:58  Drone  
  17  1:01  Extractor  
  17  1:14  Spawning Pool  
  17  1:17  Drone  
  17  1:20  Drone  
  18  1:29  Drone  
  19  1:40  Drone  
  20  1:53  Overlord  
  20  2:01  Queen  
  20  2:08  Queen  
  22  2:09  Zergling x4  
  22  2:11  Metabolic Boost  
  22  2:14  Drone  
  27  2:19  Drone  
  28  2:23  Drone  
  29  2:31  Drone  
  30  2:38  Hatchery  
  30  2:42  Pneumatized Carapace  
  29  2:49  Drone x2  
  31  2:51  Zergling x2  
  31  2:55  Overlord  
  32  2:58  Drone  
  33  3:12  Drone x2  
  34  3:18  Drone x5  
  39  3:23  Overlord  
  39  3:28  Drone x2  
  41  3:36  Zergling x2  
  41  3:38  Queen  
  41  3:39  Overlord  
  43  3:43  Overlord  
  43  3:48  Drone  
  44  3:53  Spore Crawler  
  44  3:54  Spore Crawler, Drone  
  44  3:55  Drone  
  44  3:58  Queen  
  46  4:05  Drone x3  
  46  4:06  Drone  
  46  4:09  Zergling x4  
  52  4:12  Spore Crawler  
  52  4:13  Drone  
  52  4:17  Drone x2  
  52  4:21  Queen  
  56  4:29  Spore Crawler  
  55  4:32  Drone x3  
  55  4:33  Overlord  
  55  4:36  Lair  
  58  4:42  Roach Warren  
  58  4:45  Drone  
  58  4:49  Overlord  
  58  4:50  Extractor  
  58  4:51  Overlord  
  58  4:52  Extractor  
  55  4:53  Drone x3  
  55  4:57  Drone x3  
  61  5:04  Drone x4  
  65  5:08  Overlord  
  65  5:14  Drone x5  
  68  5:17  Overlord  
  68  5:18  Extractor  
  69  5:22  Roach  
  69  5:26  Evolution Chamber  
  70  5:29  Drone x2  
  70  5:30  Evolution Chamber  
  70  5:31  Drone x4, Extractor  
  70  5:32  Drone  
  75  5:42  Glial Reconstitution  
  75  5:44  Roach x4  
  83  5:50  Drone  
  83  5:51  Drone x2, Extractor  
  83  5:52  Roach, Hydralisk Den  
  83  5:56  Roach x2  
  90  6:09  Overlord  
  90  6:10  Overlord x2  
  89  6:15  Hatchery  
  89  6:16  Overseer  
  88  6:19  Overlord  
  88  6:20  Zerg Missile Weapons Level 1  
  88  6:24  Lurker Den  
  87  6:30  Drone x6  
  87  6:31  Drone x2  
  99  6:32  Roach  
  99  6:33  Roach  
  99  6:35  Overseer  
  99  6:39  Drone  
  104  6:47  Roach x4  
  104  6:50  Overlord  
  109  6:54  Ravager x2  
  109  6:55  Ravager  
  109  6:57  Grooved Spines  
  109  6:59  Hydralisk x2  
  109  7:00  Hydralisk x2  
  119  7:05  Hydralisk  
  119  7:08  Overlord x3  
  121  7:15  Overlord  
  121  7:16  Drone x4  
  125  7:24  Drone x4  
  125  7:25  Overlord  
  129  7:36  Hydralisk x3  
  129  7:39  Spore Crawler  
  129  7:40  Extractor  
  129  7:41  Roach x2, Extractor  
  129  7:42  Roach  
  138  7:53  Lurker x4  
  138  7:55  Hydralisk x3  
  146  8:02  Roach x4  
  154  8:08  Muscular Augments  
  132  8:15  Roach x9  
  132  8:19  Hydralisk  
  137  8:21  Roach x2  
  119  8:27  Zergling x20  
  119  8:31  Zergling x6  
  129  8:37  Hydralisk x2  
  129  8:38  Hydralisk  
  129  8:40  Queen  
  127  8:43  Roach  
  119  8:48  Hydralisk x2  
  119  8:49  Hydralisk x2  
  119  8:55  Hydralisk x2  
Show
View Real Time Build Order
Export as new Build Order

TSGNice Protoss - Winner!

Build Orders: 1 Gate Expand, Oracle Opening, Phoenix Opening, Archon Immortal, Archon Drop 

Get SALT Encoding   

  12  0:01  Probe  
  13  0:13  Probe  
  14  0:20  Pylon  
  14  0:25  Probe  
  15  0:38  Probe (Chrono Boost)  
  15  0:41  Gateway  
  17  0:50  Probe (Chrono Boost)  
  17  0:55  Probe (Chrono Boost), Assimilator  
  18  1:04  Probe  
  19  1:16  Probe  
  20  1:29  Nexus  
  20  1:38  Cybernetics Core  
  20  1:45  Assimilator  
  20  1:46  Probe  
  21  1:53  Pylon  
  21  1:58  Probe  
  22  2:10  Probe  
  22  2:11  Adept (Chrono Boost)  
  25  2:22  Probe  
  26  2:26  Stargate  
  26  2:34  Adept, Probe (Chrono Boost)  
  29  2:41  Warp Gate  
  29  2:44  Probe (Chrono Boost)  
  31  2:45  Probe (Chrono Boost)  
  32  2:51  Probe (Chrono Boost)  
  32  2:52  Probe (Chrono Boost)  
  32  2:56  Probe (Chrono Boost)  
  34  3:00  Probe  
  35  3:08  Probe  
  36  3:14  Phoenix (Chrono Boost)  
  36  3:16  Probe  
  39  3:20  Probe  
  40  3:27  Pylon  
  40  3:28  Probe  
  40  3:29  Oracle (Chrono Boost)  
  40  3:31  Gateway  
  44  3:45  Probe  
  44  3:47  Probe  
  44  3:51  Assimilator  
  44  3:53  Assimilator  
  44  3:57  Probe  
  44  3:59  Probe  
  44  4:00  Robotics Facility  
  46  4:03  Pylon  
  46  4:04  Twilight Council  
  46  4:09  Probe  
  47  4:11  Probe  
  47  4:12  Gateway  
  47  4:14  Gateway  
  48  4:21  Probe  
  48  4:23  Probe  
  50  4:33  Probe  
  50  4:36  Probe  
  50  4:37  Zealot x2  
  56  4:44  Templar Archives  
  57  4:45  Probe  
  57  4:49  Pylon  
  57  5:01  Nexus, Probe x2  
  57  5:03  Pylon  
  57  5:04  Warp Prism (Chrono Boost)  
  61  5:13  Probe x2  
  63  5:22  High Templar x2  
  63  5:23  High Templar x2  
  63  5:25  Probe x2  
  63  5:27  Archon  
  63  5:28  Archon, Forge  
  73  5:33  Observer (Chrono Boost)  
  74  5:37  Probe x2  
  76  5:46  Charge  
  76  5:48  Pylon  
  76  5:49  Probe x2  
  78  5:54  Pylon  
  78  5:56  Assimilator  
  78  6:02  Assimilator  
  78  6:03  Protoss Ground Weapons Level 1 (Chrono Boost), Immortal (Chrono Boost)  
  78  6:06  Probe x2  
  84  6:13  Probe  
  84  6:18  Probe x2  
  87  6:20  Gateway  
  87  6:23  Gateway  
  87  6:26  Gateway  
  87  6:34  Gateway  
  87  6:35  Probe  
  87  6:36  Probe x2, Immortal (Chrono Boost)  
  94  6:46  Sentry x2  
  94  6:47  Sentry x2  
  100  6:50  Pylon  
  100  6:52  Probe x2  
  100  6:53  Probe  
  100  6:54  Pylon  
  105  6:57  Pylon  
  105  7:08  Immortal (Chrono Boost)  
  109  7:15  Zealot x5  
  119  7:17  Pylon  
  119  7:19  Pylon, Photon Cannon  
  119  7:20  Photon Cannon  
  119  7:29  Photon Cannon  
  119  7:35  High Templar x4  
  119  7:36  Zealot x4  
  135  7:40  Archon x2  
  135  7:41  Pylon  
  130  8:11  Zealot x6  
  130  8:12  Zealot x2  
  122  8:31  Immortal  
  122  8:34  Zealot x8  
  102  8:58  Zealot x7  
  102  8:59  Zealot  
Tags
 
Add a new tag
Caveats
  • Supply blocks, unpowered buildings, or Contaminate may cause inaccurate times.
  • Supply counts are checked every 10 seconds.